Map: Dusty Gorge

Players

Massa - Winner!

  • Race: Terran Terran
  • League: Gold
  • Spawn Location: 11:00

qqq - Winner!

  • Race: Zerg Zerg
  • League: Platinum
  • Spawn Location: 9:00

tomyflex

  • Race: Terran Terran
  • League: Diamond
  • Spawn Location: 3:00

juicelink

  • Race: Terran Terran
  • League: Platinum
  • Spawn Location: 5:00

VOD

Have the link to the VOD?

Description

Time

  • Played on: May 11, 2020, 7:26 a.m.
  • Length: 4:27
Show
View Real Time Build Order
Export as new Build Order

Massa Terran - Winner!

Build Orders:  

Get SALT Encoding   

  12  0:11  Supply Depot  
  12  0:13  SCV  
  13  0:25  SCV  
  14  0:36  Barracks  
  14  0:37  SCV  
  15  0:49  SCV  
  16  0:55  Supply Depot  
  16  1:02  SCV  
  17  1:10  Barracks  
  17  1:14  SCV  
  18  1:23  Barracks  
  18  1:27  SCV  
  18  1:31  Marine  
  20  1:43  Barracks  
  20  1:49  Marine  
  20  1:54  SCV  
  22  2:01  Marine  
  22  2:04  Refinery  
  22  2:07  Marine  
  24  2:11  Marine  
  25  2:19  Marine  
  26  2:23  Orbital Command  
  26  2:25  Marine  
  26  2:29  Marine  
  28  2:32  Marine  
  29  2:37  Marine  
  29  2:40  Supply Depot  
  29  2:43  Marine  
  31  2:55  Marine x3  
  34  3:00  Marine  
  35  3:09  Supply Depot  
  35  3:12  Marine  
  35  3:13  Marine x2  
  35  3:18  Marine  
  39  3:30  Marine x3  
  42  3:36  Marine  
  43  4:06  Marine x3  
  43  4:07  Marine  
Show
View Real Time Build Order
Export as new Build Order

qqq Zerg - Winner!

Build Orders: Hatch First 

Get SALT Encoding   

  12  0:03  Drone  
  13  0:09  Drone  
  14  0:37  Hatchery  
  13  0:52  Spawning Pool  
  12  1:00  Overlord  
  12  1:07  Drone  
  12  1:09  Drone  
  14  1:13  Extractor  
  14  1:17  Drone  
  14  1:25  Drone  
  15  1:37  Drone  
  16  1:41  Queen  
  16  1:44  Drone  
  19  1:50  Drone  
  20  2:00  Queen  
  22  2:05  Zergling x2  
  23  2:12  Drone, Zergling x2  
  25  2:20  Metabolic Boost  
  25  2:26  Zergling x2  
  25  2:27  Zergling x2  
  26  2:37  Zergling x2  
  27  2:46  Overlord  
  27  2:47  Overlord  
  27  2:58  Overlord  
  27  3:05  Overlord  
  27  3:07  Zergling x8  
  27  3:10  Zergling x2  
  32  3:18  Zergling x2  
  32  3:19  Zergling x4  
  35  3:23  Drone  
  35  3:24  Zergling x2  
  37  3:31  Zergling x4  
  39  3:39  Zergling x4  
  39  3:40  Zergling x2  
  41  3:54  Zergling x2  
  42  3:56  Zergling x4  
  42  4:00  Zergling x6  
  42  4:01  Drone  
  42  4:02  Zergling x2  
Show
View Real Time Build Order
Export as new Build Order

tomyflex Terran 

Build Orders:  

Get SALT Encoding   

  12  0:02  SCV  
  14  0:14  SCV  
  14  0:20  Supply Depot  
  14  0:26  SCV  
  15  0:31  Refinery  
  15  0:42  SCV  
  16  0:48  Barracks  
  16  0:54  SCV  
  17  1:03  Supply Depot  
  17  1:06  SCV  
  18  1:14  Refinery  
  18  1:19  SCV  
  19  1:31  SCV  
  20  1:36  Reaper  
  21  1:45  Orbital Command  
  21  1:51  Factory  
  21  2:09  Barracks Reactor  
  21  2:13  SCV  
  21  2:45  Command Center  
  21  2:47  Factory Tech Lab  
  21  2:48  Marine x2  
  23  2:53  SCV  
  23  2:57  Engineering Bay  
  24  3:05  SCV  
  25  3:06  Marine x2  
  25  3:07  Supply Depot  
  25  3:09  Siege Tank  
  30  3:17  SCV  
  31  3:31  Marine  
  31  3:34  Supply Depot  
  32  3:38  Missile Turret  
  35  3:52  Missile Turret  
Show
View Real Time Build Order
Export as new Build Order

juicelink Terran 

Build Orders:  

Get SALT Encoding   

  12  0:02  SCV  
  13  0:14  SCV  
  14  0:24  Supply Depot  
  14  0:26  SCV  
  15  0:36  Refinery  
  15  0:48  Barracks  
  15  0:50  SCV  
  16  1:02  SCV  
  17  1:13  Supply Depot  
  17  1:14  SCV  
  18  1:24  Refinery  
  18  1:26  SCV  
  19  1:38  SCV  
  20  1:40  Factory  
  20  1:41  Marine  
  21  1:51  SCV  
  22  2:01  Barracks Reactor  
  22  2:03  SCV  
  23  2:15  SCV  
  24  2:25  Factory Tech Lab  
  24  2:32  Command Center  
  24  2:45  Siege Tank  
  24  2:46  Marine x2  
  29  2:58  SCV  
  29  3:04  Marine  
  31  3:08  Supply Depot  
  31  3:13  Orbital Command  
  31  3:30  Marine x2, Siege Tank  
  36  3:47  Marine x2  
Tags
 
Add a new tag
Caveats
  • Supply blocks, unpowered buildings, or Contaminate may cause inaccurate times.
  • Supply counts are checked every 10 seconds.